 Dungeon Crawl Stone Soup version 0.16.1-25-gbcee3f8 (webtiles) character file.

12 hannobal the Digger (level 2, -1/22 HPs)
             Began as a Deep Dwarf Earth Elementalist on May 17, 2015.
             Slain by a kobold
             ... wielding a +0 dagger
              (2 damage)
             ... on level 1 of the Dungeon.
             The game lasted 00:03:27 (525 turns).

hannobal the Digger (Deep Dwarf Earth Elementalist)  Turns: 525, Time: 00:03:27

Health: -1/22      AC:  2    Str: 11    XL:     2   Next: 20%
Magic:  2/4        EV: 12    Int: 15    God:
Gold:   0          SH:  0    Dex: 13    Spells: 2 memorised, 2 levels left

rFire  . . .     SeeInvis .     e - -2 whip (curse)
rCold  . . .     Clarity  .     c - +0 robe
rNeg   . . .     SustAb   .     (no shield)
rPois  .         Gourm    .     (no helmet)
rElec  .         Spirit   .     (no cloak)
rCorr  .         Warding  .     (no gloves)
rMut   .         Stasis   .     (no boots)
MR     .....                    (no amulet)
Stlth  ++........               (no ring)
                                (no ring)

@: non-regenerating, not resistant to hostile enchantments, unstealthy
A: damage resistance, recharge devices, sense surroundings 1, slow healing 3
a: Device Recharging


You were on level 1 of the Dungeon.
You were not hungry.

You visited 1 branch of the dungeon, and saw 1 of its levels.

Inventory:

Hand weapons
 e - a cursed -2 whip (weapon)
 h - a +0 mace
Missiles
 b - 33 stones (quivered)
Armour
 c - a +0 robe (worn)
Magical devices
 a - a wand of heal wounds (4)
Books
 d - a book of Geomancy

   Spells                             Type                      Level
   a - Sandblast                      Earth                        1
   b - Stoneskin                      Transmutation/Earth          2
   c - Passwall                       Transmutation/Earth          3
   d - Stone Arrow                    Conjuration/Earth            3
   e - Petrify                        Transmutation/Earth          4
   f - Lee's Rapid Deconstruction     Earth                        5
Comestibles
 f - a bread ration
 g - 5 chunks of flesh


   Skills:
 - Level 2.1 Dodging
 - Level 2.4 Stealth
 - Level 2.0 Spellcasting
 + Level 1.1 Transmutations
 - Level 4.5 Earth Magic


You had 2 spell levels left.
You knew the following spells:

 Your Spells              Type           Power        Failure   Level  Hunger
a - Sandblast             Erth           ###...       3%          1    #......
b - Stoneskin             Trmt/Erth      ##......     12%         2    ###....


Dungeon Overview and Level Annotations

Branches:
Dungeon (1/15)

Altars:


Innate Abilities, Weirdness & Mutations

You are resistant to damage.
You can recharge devices by infusing magical energy.
You passively map a small area around you.
You do not heal naturally.


Message History

You hit the kobold.
The kobold is moderately wounded.
The kobold hits you with a dagger.
* * * LOW HITPOINT WARNING * * *
You closely miss the kobold.
The kobold is moderately wounded.
The kobold barely misses you.
You closely miss the kobold.
The kobold is moderately wounded.
The kobold closely misses you.
You barely miss the kobold.
The kobold is moderately wounded.
The kobold hits you with a dagger. The kobold barely misses you.
You hit the kobold.
The kobold is heavily wounded.
The kobold barely misses you.
You hit the kobold.
The kobold is severely wounded.
The kobold hits you with a dagger.
You die...

* .... , , ..##.##..#. * ,
*.....,* .......†.#. * , .....,*
####.#...#. , ##......
#...#....... ######.....
#.#...#.#..... ,....#..., ,
*#.#........†.. , ##.##.#
#.....#.#.....
#.....#########....#.#...#.
#.......JK@..##............ *
#.....######.###.###.###.##
##.##.######.###.###.# .... ,
#.#.†...............# ....
#+######.##.######.###.###.##....
.........##.#### #.# #.###.# ....
...............#*#.# #..##.##....
........)......+ ..# ##..........
##......####...# ... #..........


You could see an ooze and a kobold.

Vanquished Creatures
  A giant cockroach (D:1)
  A hobgoblin (D:1)
  A giant newt (D:1)
  6 goblins (D:1)
  2 kobolds (D:1)
  A rat (D:1)
12 creatures vanquished.

Notes
Turn   | Place    | Note
--------------------------------------------------------------
     0 | D:1      | hannobal, the Deep Dwarf Earth Elementalist, began the quest for the Orb.
     0 | D:1      | Reached XP level 1. HP: 15/15 MP: 2/2
   410 | D:1      | Reached XP level 2. HP: 17/22 MP: 1/4
   414 | D:1      | Learned a level 2 spell: Stoneskin
   454 | D:1      | Reached skill level 1 in Transmutations
   520 | D:1      | HP: 1/22 [kobold/dagger (2)]
   525 | D:1      | Slain by a kobold

Action                   || total
-------------------------++-------
Melee: Unarmed           ||    29
       Whip              ||    16
Throw: Stone             ||     2
 Cast: Sandblast         ||    18
Evoke: Wand              ||     1
  Use: Potion            ||     1
